 Dungeon Crawl Stone Soup version 0.16.1-2-g95b8d4c (webtiles) character file.

22786 Chiseanne the Carver (level 13, -6/105 HPs)
             Began as a Formicid Fighter on Mar 25, 2015.
             Was the Champion of Makhleb.
             Killed from afar by an oklob plant (14 damage)
             ... with a splash of acid
             ... on level 1 of the Lair of Beasts.
             The game lasted 01:05:42 (16279 turns).

Chiseanne the Carver (Formicid Fighter)            Turns: 16279, Time: 01:05:42

Health: -6/105     AC: -3    Str: 22    XL:     13   Next: 30%
Magic:  17/17      EV:  8    Int: 10    God:    Makhleb [******]
Gold:   735        SH: 14    Dex: 12    Spells: 1 memorised, 11 levels left

rFire  + . .     SeeInvis +     d - +4 triple sword (drain)
rCold  + . .     Clarity  +     P - +3 chain mail {rF+}
rNeg   + . .     SustAb   .     c - +2 shield
rPois  .         Gourm    .     (helmet unavailable)
rElec  .         Spirit   .     y - +0 cloak
rCorr  .         Warding  .     j - +1 pair of gloves
rMut   .         Stasis   +     h - +1 pair of boots
MR     +....                    u - amulet of clarity
Stlth  ..........               O - ring of positive energy
                                m - ring of protection from cold

@: corroded equipment, somewhat resistant to hostile enchantments, extremely
unstealthy
A: permanent stasis, dig shafts and tunnels, four strong arms, antennae 3
a: Dig, Shaft Self, Minor Destruction, Lesser Servant of Makhleb, Major
Destruction, Greater Servant of Makhleb, Renounce Religion


You were on level 1 of the Lair of Beasts.
You worshipped Makhleb.
Makhleb was exalted by your worship.
You were hungry.

You visited 2 branches of the dungeon, and saw 12 of its levels.
You also visited: Sewer, Ossuary and Volcano.

You collected 1475 gold pieces.
You spent 740 gold pieces at shops.

Inventory:

Hand weapons
 a - a +1 war axe of flaming
 d - a +4 triple sword of draining (weapon)
 s - a cursed +2 great sword of flaming
 w - a +0 blowgun
 H - a +0 battleaxe
Missiles
 r - 3 poisoned needles
 t - a throwing net
 v - 11 tomahawks (quivered)
 B - 6 poisoned javelins
Armour
 c - a +2 shield (worn)
 h - a +1 pair of boots (worn)
 j - a +1 pair of gloves (worn)
 y - a +0 cloak (worn)
 P - a +3 chain mail of fire resistance (worn)
Rods
 L - a +4 rod of the swarm (15/15)
   (You found it on level 9 of the Dungeon)
Jewellery
 m - a ring of protection from cold (left hand)
 n - an uncursed ring of flight
 u - an amulet of clarity (around neck)
 E - an uncursed ring of protection from fire
 O - a ring of positive energy (right hand)
Magical devices
 g - a wand of lightning (5)
 I - a wand of digging (18)
 K - a wand of lightning (8)
Scrolls
 b - a scroll of fog
 l - a scroll of immolation
 q - 2 scrolls of remove curse
Potions
 e - a potion of mutation
 f - 3 potions of flight
 i - a potion of heal wounds
 o - 5 potions of restore abilities
 x - a potion of cancellation
 z - a potion of curing
 A - a potion of resistance
 G - 3 potions of invisibility
 N - 2 potions of might
Books
 p - Sif Muna's Tome of Execration
   (You found it on level 8 of the Dungeon)

   Spells                             Type                      Level
   a - Confusing Touch                Hexes                        2
   b - Slow                           Hexes                        2
   c - Sure Blade                     Hexes/Charms                 2
   d - Fulminant Prism                Conjuration/Hexes            4
   e - Enslavement                    Hexes                        4
   f - Mass Confusion                 Hexes                        6
 F - a book of Battle

   Spells                             Type                      Level
   a - Infusion                       Charms                       1
   b - Shroud of Golubria             Charms/Translocation         2
   c - Song of Slaying                Charms                       2
   d - Spectral Weapon                Hexes/Charms                 3
   e - Regeneration                   Charms/Necromancy            3
 J - a book of Cantrips

   Spells                             Type                      Level
   a - Corona                         Hexes                        1
   b - Animate Skeleton               Necromancy                   1
   c - Summon Small Mammal            Summoning                    1
   d - Apportation                    Translocation                1
Miscellaneous
 M - an ornate deck of summoning
Comestibles
 k - 10 meat rations
 C - 6 bread rations


   Skills:
 - Level 10.8 Fighting
 * Level 11.1 Long Blades
 - Level 10.5 Axes
 - Level 10.2 Armour
 - Level 10.3 Shields


You had 11 spell levels left.
You knew the following spells:

 Your Spells              Type           Power        Failure   Level  Hunger
a - Apportation           Tloc           #.........   99%         1    ##.....


Dungeon Overview and Level Annotations

Branches:
Dungeon (11/15)            Temple (0/1) D:7            Lair (1/8) D:11
    Orc (0/4) D:11

Altars:
Ashenzari
Cheibriados
Kikubaaqudgha
Makhleb
Okawaru
Ru
Sif Muna
The Shining One

Shops:
D:9 =

Annotations:
Lair:1 exclusion: 4 oklob plants


Innate Abilities, Weirdness & Mutations

You are under a permanent stasis effect.
You can dig through walls and to a lower floor.
Your four strong arms can wield two-handed weapons with a shield.
You have a pair of large antennae on your head (SInv).


Message History

The oklob plant is heavily damaged.
You hit the oklob plant.
The oklob plant is heavily damaged.
The oklob plant spits acid at you. The splash of acid hits you!
The acid corrodes your equipment!
The acid burns!
You hit the oklob plant!
The oklob plant is severely damaged.
You hit the oklob plant but do no damage.
The oklob plant is severely damaged.
The oklob plant spits acid at you. The splash of acid hits you!
The acid corrodes your equipment!
The acid burns!
* * * LOW HITPOINT WARNING * * *
The oklob plant spits acid at you. The splash of acid hits you!
* * * LOW HITPOINT WARNING * * *
The acid burns!
* * * LOW HITPOINT WARNING * * *
The oklob plant spits acid at you. The splash of acid hits you!
You die...

#...#... . #...##...
.... #...##.. .....
#...##.# ###.....#
#...#..###P#.....##
#..................
#..................
#...................
#...@..........P..#.#
#####.###............
#PP.P.=#......#.....
#≈...≈≈#......#.....
#≈....≈#............
#......#...../#.....
.....$.#............
[.......'...†........
.?.?...#......#.....


You could see an oklob plant.

Vanquished Creatures
  Gastronok (Lair:1)
  Nessos (D:11)
  Erica (D:11)
  A catoblepas (D:8)
  2 centaur warriors
  Erolcha (D:8)
  2 hill giants (D:11)
  An ugly thing (D:8)
  3 toenail golems (Volcano)
  The ghost of Fv001 the Digger, an experienced GrEE of Vehumet (D:7)
  Joseph (Lair:1)
  2 black mambas (Lair:1)
  3 spiny frogs (Lair:1)
  The ghost of Monkaria the Slasher, an experienced MiSk (Sewer)
  2 fire drakes
  A kobold demonologist (Sewer)
  Grinder (Sewer)
  3 blink frogs (Lair:1)
  A basilisk (Lair:1)
  2 hippogriffs
  10 humans
  2 wyverns
  A steam dragon (D:10)
  A yak (D:9)
  2 hungry ghosts
  2 porcupines (Lair:1)
  A warg (D:11)
  4 water moccasins
  2 sky beasts
  A wasp (D:11)
  3 black bears
  4 ice beasts
  3 orc warriors
  3 phantoms
  3 ogres
  3 crocodiles (Lair:1)
  2 eyes of draining
  Duvessa (D:5)
  A big kobold (Sewer)
  12 centaurs
  7 giant frogs
  Blork the orc (D:5)
  A gnoll sergeant (D:9)
  10 wights
  24 killer bees
  11 scorpions
  2 electric eels (D:9)
  Dowan (D:5)
  5 crimson imps
  3 giant frog zombies
  4 goliath beetles
  18 jellies
  A quasit (Sewer)
  2 centaur zombies
  A human zombie (Ossuary)
  4 iguanas
  5 hounds
  A giant frog skeleton (D:10)
  A gnoll shaman (D:4)
  5 orc wizards
  8 worker ants
  Natasha (thrice) (D:5)
  3 orc priests
  4 sheep (D:10)
  A killer bee zombie (D:8)
  Ijyb (D:3)
  2 big kobold zombies (Sewer)
  2 hound skeletons
  4 mummies
  A worker ant zombie (D:9)
  12 adders
  12 gnolls
  2 scorpion zombies (Ossuary)
  An elf skeleton (D:5)
  5 giant mites
  2 worms (D:3)
  8 shadow imps
  4 ufetubi (Sewer)
  4 adder zombies
  An adder skeleton (D:9)
  2 oozes (Sewer)
  33 orcs
  2 ball pythons
  3 bat skeletons
  3 bat zombies
  10 giant cockroaches
  3 gnoll zombies (Ossuary)
  14 hobgoblins
  8 jackals
  25 kobolds
  5 quokkas
  18 bats
  A giant cockroach zombie (Sewer)
  6 giant geckos
  A giant gecko skeleton (D:8)
  8 giant newts
  A giant spore (D:8)
  14 goblins
  3 goblin zombies (Ossuary)
  A hobgoblin zombie (Ossuary)
  6 kobold zombies
  2 orc zombies (Ossuary)
  13 rats
  11 ballistomycetes
  A fungus (Lair:1)
473 creatures vanquished.

Vanquished Creatures (collateral kills)
  The ghost of Pr0man the Cleaver, a powerful FoFi of Makhleb (D:9)
1 creature vanquished.

Vanquished Creatures (others)
  A vampire mosquito (D:11)
  2 wasps (D:11)
  A scorpion (D:11)
  2 killer bees (D:9)
  2 worker ants (D:9)
  A bat (D:8)
  A kobold (Sewer)
  2 giant spores (D:7)
  4 kobold zombies (Sewer)
  A ballistomycete (D:7)
  A butterfly (D:11)
18 creatures vanquished.

Grand Total: 492 creatures vanquished

Notes
Turn   | Place    | Note
--------------------------------------------------------------
     0 | D:1      | Chiseanne, the Formicid Fighter, began the quest for the Orb.
     0 | D:1      | Reached XP level 1. HP: 18/18 MP: 1/1
   141 | D:1      | Reached XP level 2. HP: 16/24 MP: 3/3
   384 | D:1      | Reached XP level 3. HP: 18/30 MP: 4/4
   440 | D:1      | Reached skill level 4 in Shields
   781 | D:2      | Found a sacrificial altar of Ru.
   954 | D:2      | Reached XP level 4. HP: 37/37 MP: 5/5
  1435 | D:2      | Reached XP level 5. HP: 37/42 MP: 7/7
  1545 | D:2      | Reached skill level 5 in Shields
  2123 | D:3      | Noticed Ijyb
  2153 | D:3      | Killed Ijyb
  2245 | D:3      | Reached XP level 6. HP: 38/49 MP: 8/8
  3094 | D:4      | Found a deep blue altar of Sif Muna.
  3285 | D:4      | Found an ancient bone altar of Kikubaaqudgha.
  3371 | D:4      | Reached XP level 7. HP: 55/55 MP: 9/9
  3401 | D:4      | Reached skill level 5 in Armour
  3401 | D:4      | Reached skill level 6 in Shields
  3407 | D:4      | Found a snail-covered altar of Cheibriados.
  3408 | D:4      | Found a glowing golden altar of the Shining One.
  3687 | D:4      | Reached skill level 5 in Fighting
  3825 | D:5      | Entered Level 5 of the Dungeon
  3854 | D:5      | Found a glowing drain.
  3877 | Sewer    | Entered a sewer
  4179 | Sewer    | Noticed Monkaria's ghost (experienced MiSk)
  4189 | Sewer    | Killed Monkaria's ghost
  4189 | Sewer    | Reached XP level 8. HP: 36/62 MP: 11/11
  4362 | Sewer    | Found a burning altar of Makhleb.
  4370 | Sewer    | Reached skill level 7 in Shields
  4381 | Sewer    | Noticed an apprentice kobold demonologist
  4383 | Sewer    | Noticed Grinder
  4394 | Sewer    | Killed an apprentice kobold demonologist
  4394 | Sewer    | Reached skill level 5 in Axes
  4421 | Sewer    | Killed Grinder
  4423 | Sewer    | Reached skill level 8 in Shields
  4577 | Sewer    | Became a worshipper of Makhleb the Destroyer
  4892 | D:5      | Reached XP level 9. HP: 61/69 MP: 12/12
  4910 | D:5      | Noticed Duvessa
  4910 | D:5      | Noticed Dowan
  4913 | D:5      | Noticed Natasha
  4918 | D:5      | Killed Natasha
  4920 | D:5      | Killed Duvessa
  4925 | D:5      | Killed Dowan
  4940 | D:5      | Noticed Blork the orc
  4951 | D:5      | Killed Blork the orc
  4952 | D:5      | Found a shattered altar of Ashenzari.
  5057 | D:5      | Noticed Natasha
  5061 | D:5      | Killed Natasha
  5078 | D:5      | Acquired Makhleb's first power
  5244 | D:5      | Noticed Natasha
  5247 | D:5      | Killed Natasha
  5753 | D:6      | Found a burning altar of Makhleb.
  5753 | D:6      | Noticed a cacodemon
  5757 | D:6      | Noticed a hellwing
  6072 | D:6      | Acquired Makhleb's second power
  6250 | D:6      | Reached skill level 9 in Shields
  6903 | D:7      | Found a staircase to the Ecumenical Temple.
  6908 | D:7      | Reached XP level 10. HP: 79/79 MP: 13/13
  7099 | D:7      | Found a sacrificial altar of Ru.
  7194 | D:7      | Noticed Fv001's ghost (experienced GrEE)
  7206 | D:7      | You fall through a shaft for 3 floors!
  7206 | D:10     | Entered Level 10 of the Dungeon
  7785 | D:9      | Noticed Pr0man's ghost (powerful FoFi)
  7798 | D:10     | Reached skill level 10 in Shields
  8046 | D:10     | Acquired Makhleb's third power
  9054 | D:10     | Acquired Makhleb's fourth power
  9727 | D:9      | Reached XP level 11. HP: 74/87 MP: 15/15
  9985 | D:8      | Found a sand-covered staircase.
  9993 | Ossuary  | Entered an ossuary
 10063 | Ossuary  | Acquired Makhleb's fifth power
 10518 | D:8      | Noticed a centaur warrior
 10531 | D:8      | Killed a centaur warrior
 10531 | D:8      | Reached skill level 10 in Axes
 10533 | D:8      | Noticed a cyan ugly thing
 10550 | D:8      | HP: 4/90 [cyan ugly thing (13)]
 10557 | D:8      | Killed a cyan ugly thing
 10959 | D:8      | Identified Sif Muna's Tome of Execration
 11061 | D:8      | Noticed Erolcha
 11071 | D:8      | Killed Erolcha
 11071 | D:8      | Reached skill level 10 in Fighting
 11074 | D:8      | Reached skill level 1 in Long Blades
 11268 | D:8      | Noticed a catoblepas
 11282 | D:8      | Killed a catoblepas
 11704 | D:7      | Killed Fv001's ghost
 12168 | D:9      | Identified a +0 rod of the swarm (11/11) (You found it on level 9 of the Dungeon)
 12203 | D:9      | Learned a level 1 spell: Apportation
 12365 | D:9      | Killed Pr0man's ghost
 12365 | D:9      | Reached XP level 12. HP: 96/99 MP: 16/16
 12659 | D:9      | Found an iron altar of Okawaru.
 12799 | D:9      | Found Blawau's Jewellery Boutique.
 12807 | D:9      | Bought a cursed ring of loudness for 45 gold pieces
 12812 | D:9      | Bought a cursed ring of protection from cold for 220 gold pieces
 12821 | D:9      | Bought an uncursed amulet of clarity for 200 gold pieces
 12821 | D:9      | Bought an uncursed ring of positive energy for 200 gold pieces
 12833 | D:9      | Bought a +2 ring of strength for 75 gold pieces
 13121 | D:11     | Found a staircase to the Lair.
 13150 | D:11     | Found a staircase to the Orcish Mines.
 13177 | D:11     | Noticed Erica
 13187 | D:11     | Noticed Nessos
 13192 | D:11     | Killed Erica
 13192 | D:11     | Reached skill level 10 in Armour
 13215 | D:11     | Killed Nessos
 13414 | D:11     | Reached skill level 5 in Long Blades
 13737 | D:11     | Noticed a centaur warrior
 13748 | D:11     | Killed a centaur warrior
 14627 | Lair:1   | Entered Level 1 of the Lair of Beasts
 14632 | Lair:1   | Found a dark tunnel.
 14647 | Volcano  | Entered a volcano
 15093 | Lair:1   | Reached XP level 13. HP: 68/105 MP: 17/17
 15280 | Lair:1   | Noticed Joseph
 15305 | Lair:1   | Killed Joseph
 15426 | Lair:1   | Reached skill level 10 in Long Blades
 15908 | Lair:1   | Noticed Gastronok
 15920 | Lair:1   | Killed Gastronok
 15991 | Lair:1   | Reached skill level 11 in Long Blades
 16279 | Lair:1   | Killed from afar by an oklob plant

Action                   |  1- 3 |  4- 6 |  7- 9 | 10-12 | 13-15 || total
-------------------------+-------+-------+-------+-------+-------++-------
Melee: War axe           |   119 |   232 |   378 |   962 |    70 ||  1761
       Triple sword      |       |       |       |    52 |    68 ||   120
       Unarmed           |       |       |       |     1 |       ||     1
 Fire: Blowgun           |       |       |       |    16 |       ||    16
Throw: Tomahawk          |       |       |       |     2 |    18 ||    20
       Javelin           |       |       |       |       |     6 ||     6
       Throwing net      |       |       |       |       |     1 ||     1
 Abil: Dig               |     4 |    14 |     9 |    34 |     2 ||    63
       Shaft Self        |       |       |       |     1 |       ||     1
Evoke: Rod               |       |       |       |    10 |       ||    10
       Wand              |       |       |       |       |     1 ||     1
  Use: Scroll            |     8 |     5 |     9 |    13 |     1 ||    36
       Potion            |       |     2 |     2 |    11 |     1 ||    16
 Stab: Invisible         |       |       |       |     1 |       ||     1
       Petrified         |       |       |       |     1 |       ||     1
       Distracted        |       |       |       |     1 |       ||     1
  Eat: Chunk             |     1 |     9 |     5 |    12 |     3 ||    30
       Royal jelly       |       |       |     1 |     2 |       ||     3
       Beef jerky        |       |       |     2 |     2 |     1 ||     5
       Pizza             |       |       |     2 |     7 |       ||     9
       Bread ration      |       |       |       |     1 |       ||     1
